 Dungeon Crawl Stone Soup version 0.14.0-6-g1bc2dff (webtiles) character file.

5357 Kanakotka the Nimble (level 10, -2/48 HPs)
             Began as a Felid Monk on Apr 11, 2014.
             Slain by a five-headed hydra (12 damage)
             ... on Level 3 of the Lair of Beasts on Apr 12, 2014.
             The game lasted 01:25:45 (21302 turns).

Kanakotka the Nimble (Felid Monk)                  Turns: 21302, Time: 01:25:46

HP  -2/48        AC  2     Str 10      XL: 10   Next: 18%
MP   0/17        EV 32     Int 14      God:
Gold 777         SH  0     Dex 20      Spells:  3 memorised,  2 levels left
Lives: 0, deaths: 3

rFire  . . .     SeeInvis +       - Unarmed
rCold  . . .     Clarity  .     (armour unavailable)
rNeg   . . .     Conserve .     (shield unavailable)
rPois  .         rCorr    .     (helmet unavailable)
rElec  .         rRot     .     (cloak unavailable)
SustAb . .       Spirit   +     (gloves unavailable)
rMut   .         Warding  .     (boots unavailable)
Saprov . . .     Stasis   .     m - amulet of guardian spirit
MR     ++...                    r - ring of protection from magic
                                j - cursed +3 ring of intelligence

@: exhausted, quick, very resistant to hostile enchantments, extremely stealthy
A: paw claws, no armour, no weapons or thrown items, fangs 3, see invisible,
carnivore 3, speed 1, shaggy fur 2, slow metabolism 1, jump 2
a: Jump Attack


You were on level 3 of the Lair of Beasts.
You were very full.

You visited 2 branches of the dungeon, and saw 14 of its levels.
You also visited: Ossuary.

You collected 777 gold pieces.

Inventory:

Magical devices
 k - a wand of polymorph (13)
Comestibles
 b - 2 meat rations
 p - 6 honeycombs
Scrolls
 a - 3 scrolls of blinking
 c - a scroll of identify
 d - 3 scrolls of fear
 e - a scroll of recharging
 g - a scroll of amnesia
 h - a scroll of random uselessness {unknown}
 i - 5 scrolls of teleportation
 l - 3 scrolls of remove curse
 o - 2 scrolls of fog
 v - a scroll of magic mapping
Jewellery
 j - a cursed +3 ring of intelligence (left paw)
 m - an amulet of guardian spirit (around neck)
 r - a ring of protection from magic (right paw)
 u - a +2 ring of intelligence
 y - an uncursed amulet of conservation {unknown}
Potions
 f - a potion of flight
 s - a potion of restore abilities
 w - a potion of invisibility
Books
 n - a book of Conjurations

   Spells                             Type                      Level
   Magic Dart                         Conjuration                  1
   Searing Ray                        Conjuration                  2
   Dazzling Spray                     Conjuration/Hexes            3
   Fulminant Prism                    Conjuration/Hexes            4
   Iskenderun's Mystic Blast          Conjuration                  4
   Iskenderun's Battlesphere          Conjuration/Charms           5
 t - a book of Spatial Translocations

   Spells                             Type                      Level
   Apportation                        Translocation                1
   *Blink                             Translocation                2
   *Shroud of Golubria                Charms/Translocation         2
   Portal Projectile                  Translocation                3
   *Teleport Other                    Translocation                3
   Passage of Golubria                Translocation                4
 x - a book of War Chants

   Spells                             Type                      Level
   Fire Brand                         Charms/Fire                  2
   Freezing Aura                      Charms/Ice                   2
   *Shroud of Golubria                Charms/Translocation         2
   Repel Missiles                     Charms/Air                   2
   Poison Weapon                      Charms/Poison                3
   Regeneration                       Charms/Necromancy            3


   Skills:
 + Level 8.2 Fighting
 * Level 14.3 Dodging
 + Level 10.8 Stealth
 + Level 8.6 Unarmed Combat
 + Level 0.0 Charms
 - Level 8.4 Translocations


You had 2 spell levels left.
You knew the following spells:

 Your Spells              Type           Power        Failure   Level  Hunger
a - Blink                 Tloc           N/A          1%          2    ###....
b - Shroud of Golubria    Chrm/Tloc      ##........   10%         2    ###....
c - Teleport Other        Tloc           ###.....     3%          3    ####...


Dungeon Overview and Level Annotations

Branches:
Dungeon (11/15)            Temple (0/1) D:7             Orc (0/4) D:9
   Lair (3/8) D:11
  Swamp: Lair:3-6    Shoals: Lair:3-6     Snake: Lair:3-6    Spider: Lair:3-6

Altars:
Ashenzari
Fedhas
Nemelex Xobeh
Okawaru
Zin

Shops:
D:8 [   D:9 %

Annotations:
D:5 Pikel, Prince Ribbit
D:9 Maurice


Innate Abilities, Weirdness & Mutations

You cannot wear armour.
You are incapable of wielding weapons or throwing items.
Your paws have sharp claws.
You have razor-sharp teeth.
You have supernaturally acute eyesight.
You are carnivorous and can eat meat at any time.
You cover ground quickly.
You are covered in thick fur (AC +2).
You have a slow metabolism.
You can jump attack at a medium distance.


Message History

The five-headed hydra misses you.
The five-headed hydra completely misses you.
The five-headed hydra misses you. x2
You scratch the five-headed hydra.
The five-headed hydra is severely wounded.
The five-headed hydra completely misses you. x3
The five-headed hydra misses you. The five-headed hydra bites you!
You barely miss the five-headed hydra.
You bite the five-headed hydra, but do no damage.
The five-headed hydra is heavily wounded.
You scratch the five-headed hydra.
The five-headed hydra is severely wounded.
The five-headed hydra bites you. The five-headed hydra bites you!
* * * LOW HITPOINT WARNING * * *
The five-headed hydra completely misses you. x3
You scratch the five-headed hydra.
The five-headed hydra is severely wounded.
The five-headed hydra completely misses you.
The five-headed hydra bites you!
You die...

... #..#..
#####..#...
#.......#f.....
#........P......
≈#P....<..P....#..
...................
#.................
#.....@D..........
#..................
#.........<........
#...................
..?................
..####....#.#.#... .
....######.... ....#
##. ...


You could see a five-headed hydra (bleeding).

Vanquished Creatures
  A spiny frog (Lair:1)
  A mermaid (shapeshifter) (D:9)
  2 trolls (D:9)
  A two-headed ogre (D:10)
  4 komodo dragons
  Eustachio (D:9)
  21 yaks
  A steam dragon (D:9)
  A hippogriff (D:9)
  3 water moccasins
  A necrophage (D:9)
  2 ice beasts (D:10)
  3 porcupines
  2 slaves (D:4)
  5 ogres
  A yellow wasp (D:10)
  A black bear (D:8)
  A spider (D:10)
  2 orc warriors
  A sky beast (D:8)
  A boring beetle (D:9)
  Sigmund (D:5)
  Duvessa (D:9)
  7 centaurs
  4 crocodiles
  7 giant frogs
  A big kobold (D:9)
  3 giant slugs
  2 elf zombies (Ossuary)
  Blork the orc (D:4)
  3 scorpions
  4 killer bees (D:8)
  A yak skeleton (D:8)
  3 vampire bats (Lair:1)
  Dowan (D:9)
  A goliath beetle (D:10)
  3 hounds
  3 crimson imps
  A centaur zombie (D:8)
  10 orc priests
  A gnoll shaman (D:8)
  3 iguanas
  Natasha (thrice) (D:5)
  5 orc wizards
  5 worker ants
  2 big kobold zombies (Ossuary)
  5 mummies
  A hound zombie (Ossuary)
  10 adders
  13 gnolls
  19 green rats
  A worker ant zombie (D:9)
  A shadow imp (D:9)
  3 giant mites
  4 worms
  An adder skeleton (D:4)
  A giant eyeball (D:10)
  7 giant geckos
  32 orcs
  16 bats
  4 giant cockroaches
  17 goblins
  13 hobgoblins
  2 jackals (D:11)
  24 kobolds
  12 quokkas
  5 giant newts
  2 gnoll zombies (Ossuary)
  2 hobgoblin zombies
  2 jackal zombies (Ossuary)
  2 kobold skeletons
  A kobold zombie (Ossuary)
  An orc zombie (D:10)
  25 rats
  A plant (D:3)
359 creatures vanquished.

Vanquished Creatures (others)
  An orc wizard (D:7)
  A goblin zombie (Ossuary)
  2 fungi (D:3)
  A plant (Lair:1)
5 creatures vanquished.

Grand Total: 364 creatures vanquished

Notes
Turn   | Place    | Note
--------------------------------------------------------------
     0 | D:1      | Kanakotka, the Felid Monk, began the quest for the Orb.
     0 | D:1      | Reached XP level 1. HP: 9/9 MP: 2/2
   275 | D:1      | Reached XP level 2. HP: 13/13 MP: 3/3
   721 | D:1      | Reached XP level 3. HP: 16/16 MP: 5/5
  1549 | D:3      | Noticed an ogre
  1751 | D:3      | Reached skill level 5 in Dodging
  1883 | D:2      | Reached XP level 4. HP: 17/20 MP: 7/7
  2724 | D:3      | Found a blossoming altar of Fedhas.
  2909 | D:3      | Reached XP level 5. HP: 16/24 MP: 8/8
  3314 | D:4      | Noticed an ogre
  3977 | D:4      | Reached skill level 6 in Dodging
  4315 | D:4      | Gained mutation: You are covered in thick fur (AC +2). [growing up]
  4315 | D:4      | Gained mutation: You can jump attack at a medium distance. [growing up]
  4315 | D:4      | Reached XP level 6. HP: 25/28 MP: 10/10
  4435 | D:4      | Noticed Blork the orc
  4458 | D:4      | Slain by a quokka
  4459 | D:4      | Reached XP level 5. HP: -1/24 MP: 8/8
  4477 | D:4      | Killed Blork the orc
  4564 | D:4      | Noticed an ogre
  5111 | D:4      | Killed an ogre
  5111 | D:4      | Reached skill level 7 in Dodging
  5111 | D:4      | Reached XP level 6. HP: 5/28 MP: 10/10
  5669 | D:5      | Entered Level 5 of the Dungeon
  5715 | D:5      | Reached skill level 5 in Stealth
  6012 | D:5      | Noticed Prince Ribbit
  6257 | D:5      | Noticed Sigmund
  6287 | D:5      | Noticed Pikel
  6370 | D:5      | Killed Sigmund
  6370 | D:5      | Reached skill level 5 in Unarmed Combat
  6370 | D:5      | Reached XP level 7. HP: 22/31 MP: 12/12
  6387 | D:5      | Noticed Natasha
  6411 | D:5      | Killed Natasha
  6411 | D:5      | Reached skill level 8 in Dodging
  6620 | D:5      | Noticed Natasha
  6626 | D:5      | Killed Natasha
  7103 | D:5      | Noticed Natasha
  7154 | D:5      | Killed Natasha
  7826 | D:6      | Found a sand-covered staircase.
  7831 | Ossuary  | Entered an ossuary
  7983 | Ossuary  | Reached skill level 9 in Dodging
  7983 | Ossuary  | Reached XP level 8. HP: 12/36 MP: 13/13
  8644 | D:7      | Found a staircase to the Ecumenical Temple.
  8982 | D:7      | Found a glowing silver altar of Zin.
  9361 | D:7      | Found a blossoming altar of Fedhas.
  9367 | D:7      | Found an iron altar of Okawaru.
  9371 | D:7      | Found a sparkling altar of Nemelex Xobeh.
  9490 | D:8      | Found Gutu's Armour Boutique.
  9522 | D:8      | Learned a level 2 spell: Blink
  9525 | D:8      | Learned a level 2 spell: Shroud of Golubria
  9818 | D:7      | Reached skill level 5 in Fighting
 10147 | D:8      | Reached skill level 1 in Translocations
 10373 | D:8      | Reached skill level 10 in Dodging
 11053 | D:8      | Found a shattered altar of Ashenzari.
 11162 | D:8      | Reached XP level 9. HP: 27/40 MP: 12/15
 11412 | D:9      | Noticed Maurice
 12458 | D:9      | Noticed Duvessa
 12479 | D:9      | Noticed Eustachio
 12509 | D:9      | Reached skill level 11 in Dodging
 12549 | D:9      | Killed Eustachio
 12568 | D:9      | Noticed Dowan
 12591 | D:9      | Killed Duvessa
 12602 | D:9      | Killed Dowan
 12870 | D:9      | Found a staircase to the Orcish Mines.
 13372 | D:8      | Reached skill level 5 in Translocations
 13570 | D:9      | Found Tregh's Food Emporium.
 13619 | D:9      | HP: 2/42 [troll (8)]
 14437 | D:9      | Learned a level 3 spell: Teleport Other
 14593 | D:9      | Reached XP level 10. HP: 36/46 MP: 13/17
 14771 | D:9      | You fall through a shaft!
 14771 | D:10     | Entered Level 10 of the Dungeon
 14780 | D:10     | Reached skill level 12 in Dodging
 15051 | D:10     | Paralysed by a giant eyeball for 3 turns
 16479 | D:10     | Killed from afar by an orc priest
 16480 | D:10     | Reached XP level 9. HP: -9/42 MP: 0/15
 16492 | D:11     | Found a staircase to the Lair.
 16612 | D:11     | Noticed a four-headed hydra
 16643 | Lair:1   | Entered Level 1 of the Lair of Beasts
 17639 | D:9      | Noticed a mermaid
 17656 | D:9      | Killed a mermaid
 17937 | Lair:1   | Reached skill level 13 in Dodging
 17943 | Lair:1   | Reached XP level 10. HP: 34/47 MP: 12/17
 17967 | Lair:1   | Reached skill level 10 in Stealth
 20248 | Lair:2   | Reached skill level 14 in Dodging
 20389 | Lair:2   | Reached XP level 11. HP: 48/51 MP: 18/18
 20808 | Lair:2   | Slain by a komodo dragon
 20809 | Lair:2   | Reached XP level 10. HP: -1/48 MP: 0/17
 21292 | Lair:3   | Noticed a five-headed hydra
 21302 | Lair:3   | Slain by a five-headed hydra

Action                   |  1- 3 |  4- 6 |  7- 9 | 10-12 || total
-------------------------+-------+-------+-------+-------++-------
Melee: Unarmed           |   145 |   326 |   887 |   526 ||  1884
 Cast: Shroud of Golubri |       |       |     4 |     2 ||     6
 Abil: Jump Attack       |       |     5 |    32 |     6 ||    43
Evoke: Wand              |       |       |     1 |       ||     1
  Use: Potion            |     2 |     4 |     9 |     3 ||    18
       Scroll            |     2 |    10 |     7 |       ||    19
 Stab: Sleeping          |     8 |     4 |    12 |    12 ||    36
       Invisible         |       |       |    16 |       ||    16
       Distracted        |       |       |     3 |     2 ||     5
